 Dungeon Crawl Stone Soup version 0.21-a0-297-ga3d34c2 (webtiles) character file.

7 Hasart the Chiller (level 2, 0/19 HPs)
             Began as a Barachi Ice Elementalist on Sept 28, 2017.
             Slain by a leopard gecko (2 damage)
             ... on level 1 of the Dungeon.
             The game lasted 00:00:56 (166 turns).

Hasart the Chiller (Barachi Ice Elementalist)        Turns: 166, Time: 00:00:57

Health: 0/19       AC:  2    Str:  9    XL:     2   Next: 4%
Magic:  0/5        EV: 12    Int: 15    God:
Gold:   0          SH:  0    Dex: 12    Spells: 5/6 levels left

rFire    . . .     SeeInvis .   (no weapon)
rCold    . . .     Gourm    .   (no shield)
rNeg     . . .     Faith    .   a - +0 robe
rPois    .         Spirit   .   (no helmet)
rElec    .         Reflect  .   (no cloak)
rCorr    .         Harm     .   (no gloves)
MR       .....                  (no boots)
Stlth    ++........             (no amulet)
HPRegen  0.06/turn              (no ring)
MPRegen  0.09/turn              (no ring)

@: can't hop, slow
A: +LOS, swims, slowness 1, strong legs 1
a: Hop


You were on level 1 of the Dungeon.
You were not hungry.

You visited 1 branch of the dungeon, and saw 1 of its levels.

Inventory:

Armour
 a - a +0 robe (worn)
Scrolls
 e - a scroll of remove curse {unknown}
Potions
 d - a potion of agility {unknown}
Books
 b - a book of Frost

   Spells                             Type                      Level
   a - Freeze                         Ice                          1
   b - Throw Frost                    Conjuration/Ice              2
   c - Ozocubu's Armour               Charms/Ice                   3
   d - Throw Icicle                   Conjuration/Ice              4
   e - Summon Ice Beast               Ice/Summoning                4
Comestibles
 c - a bread ration
 f - 3 fruits
 g - a chunk of flesh


   Skills:
 - Level 2.2 Dodging
 - Level 1.7 Stealth
 + Level 2.5 Spellcasting
   Level 1.1 Conjurations
 * Level 3.9 Ice Magic


You had 5 spell levels left.
You knew the following spells:

 Your Spells              Type           Power        Failure   Level  Hunger
a - Freeze                Ice            ##..         4%          1    #......


Dungeon Overview and Level Annotations

Branches:
Dungeon (1/15)

Altars:


Innate Abilities, Weirdness & Mutations

Shadows flee at your approach. (+LOS)
You can swim through water.
You cover ground slowly.
You can hop short distances.


Message History

The goblin barely misses you.
Casting: Freeze
Confirm with . or Enter, or press ? or * to list all spells.
Aiming: Freeze
Press: ? - help, Shift-Dir - straight line, f - kobold
Aim: a kobold You freeze the kobold.
You kill the kobold!
The bat closely misses you. The goblin hits you but does no damage.
The hobgoblin shouts!
The bat closely misses you. The bat barely misses you.
The leopard gecko completely misses you.
Found 27 stones.
The bat hits you.
* * * LOW HITPOINT WARNING * * *
A frilled lizard comes into view.
The bat hits you.
* * * LOW HITPOINT WARNING * * *
The leopard gecko bites you.
You die...

#.....######†########gg.
#........l....†.)(.().g.
#....##.####(########..#
## #..............# #..#
###..†..............#
#.#..g.......###.##
####.#s.........# #.#
#....lgr..........#..
#...g@.b.............
.....................g..
........(.............
...................
...................
...................
........(.....#....
.........l....##..
.....####..(###


You could see a leopard gecko, a giant cockroach, a hobgoblin, 2 goblins, a bat,
a frilled lizard (wandering) and a rat.

Vanquished Creatures
  2 goblins (D:1)
  2 kobolds (D:1)
  3 bats (D:1)
7 creatures vanquished.

Vanquished Creatures (others)
  A hobgoblin (D:1)
1 creature vanquished.

Grand Total: 8 creatures vanquished

Notes
Turn   | Place    | Note
-------+----------+-------------------------------------------
     0 | D:1      | Hasart the Barachi Ice Elementalist began the quest for the Orb.
     0 | D:1      | Reached XP level 1. HP: 13/13 MP: 3/3
   155 | D:1      | Reached XP level 2. HP: 6/19 MP: 0/5
   166 | D:1      | Slain by a leopard gecko

Vault maps used:
D:1:      mushboom_english_gardens

Action                   || total
-------------------------++-------
 Cast: Freeze            ||    10
 Abil: Hop               ||     1
Armor: Robe              ||     1
Dodge: Dodged            ||    23

Table legend:
 A = Spawn XP
 B = Non-spawn XP
 C = Spawn XP percentage of total XP
 D = Spawn monster count
 E = Non-spawn monster count
 F = Spawn count percentage of total count
 G = Total turns spent on level
                    A         B        C        D         E        F      G
               +---------+---------+-------+---------+---------+-------+---------
         Total |       0 |      11 |   0.0 |       0 |       8 |   0.0 |   166
               +---------+---------+-------+---------+---------+-------+---------
           D:1 |       0 |      11 |   0.0 |       0 |       8 |   0.0 |   166
               +---------+---------+-------+---------+---------+-------+---------
